 Dungeon Crawl Stone Soup version 0.29.0-10-g45618ea6d2 (webtiles) character file.

Game seed: 8972280450618983300

36828 keekatzer the Fighter (level 13, -4/87 HPs)
             Began as a Gargoyle Gladiator on Sept 1, 2022.
             Was a High Priest of Trog.
             Slain by a ghost moth (10 damage)
             ... on level 3 of the Spider Nest on Sept 2, 2022.
             The game lasted 01:11:40 (8221 turns).

keekatzer the Fighter (Gargoyle Gladiator)          Turns: 8221, Time: 01:11:40

Health: -4/87      AC: 34    Str: 23 (24) XL:     13   Next: 92%
Magic:  0/13       EV: 10    Int: 10      God:    Trog [*****.]
Gold:   942        SH:  0    Dex: 18 (19) Spells: 12/12 levels left

rFire   + . .      SeeInvis .   Y - +10 lajatang of Somewhere Else {freeze, Fly Str+4}
rCold   . . .      Faith    .   (shield currently unavailable)
rNeg    + . .      Spirit   .   Z - +3 chain mail {rF+}
rPois   ∞          Reflect  .   c - +0 helmet
rElec   +          Harm     .   n - +1 cloak
rCorr   .          Rampage  .   (no gloves)
Will    ++...                   a - +0 pair of boots
Stlth   ..........              s - amulet of regeneration
HPRegen 2.04/turn               i - +4 ring of protection
MPRegen 0.13/turn               V - +6 ring of dexterity

@: strong-willed, on berserk cooldown, flying, regenerating, slowed, studying
Staves, very slow
A: sickness immunity, AC +9, negative energy resistance 1, electricity
resistance, torment resistance 1, petrification resistance
a: Renounce Religion, Berserk, Trog's Hand, Brothers in Arms


You were on level 3 of the Spider Nest.
You worshipped Trog.
Trog was extremely pleased with you.
You visited 3 branches of the dungeon, and saw 17 of its levels.
You also visited: Sewer, Ossuary, Bailey and Gauntlet.

You collected 1140 gold pieces.
You spent 198 gold pieces at shops.

Inventory:

Hand Weapons
 Y - the +10 lajatang of Somewhere Else (weapon) {freeze, Fly Str+4}
   (You took it off a minotaur in a Gauntlet)

   It freezes those it strikes, dealing additional cold damage.
   It can also slow down cold-blooded creatures.
   Str:       It affects your strength (+4).
   Fly:       It grants you flight.
Missiles
 d - 8 throwing nets (quivered)
 X - 4 datura-tipped darts
Armour
 a - a +0 pair of boots (worn)
 c - a +0 helmet (worn)
 e - a +2 ring mail of willpower
 n - a +1 cloak (worn)
 Z - a +3 chain mail of fire resistance (worn)
Jewellery
 b - an amulet of the acrobat
 i - a +4 ring of protection (left hand)
 s - an amulet of regeneration (around neck)
 V - a +6 ring of dexterity (right hand)
Wands
 r - a wand of mindburst (8)
 v - a wand of roots (12)
 x - a wand of charming (1)
 E - a wand of polymorph (3)
 M - a wand of flame (63)
 R - a wand of acid (12)
Scrolls
 f - 15 scrolls of identify {unknown}
 j - 5 scrolls of amnesia {unknown}
 p - 8 scrolls of fog {unknown}
 q - 2 scrolls of torment {unknown}
 t - 2 scrolls of magic mapping {unknown}
 w - 2 scrolls of silence {unknown}
 B - 6 scrolls of teleportation {unknown}
 C - 3 scrolls of enchant armour {unknown}
 D - a scroll of summoning {unknown}
 G - 4 scrolls of immolation {unknown}
 K - 3 scrolls of enchant weapon {unknown}
 O - 3 scrolls of poison {unknown}
 Q - a scroll of noise {unknown}
 W - 2 scrolls of fear {unknown}
Potions
 g - 6 potions of haste
 k - 4 potions of heal wounds
 l - 2 potions of lignification {unknown}
 m - a potion of ambrosia {unknown}
 o - 3 potions of attraction {unknown}
 u - 3 potions of cancellation {unknown}
 z - a potion of might {unknown}
 A - a potion of degeneration {unknown}
 F - 4 potions of invisibility {unknown}
 H - 4 potions of mutation {unknown}
 I - 2 potions of flight {unknown}
 J - 5 potions of brilliance {unknown}
 L - 2 potions of magic {unknown}
 N - 10 potions of curing
Miscellaneous
 h - a lightning rod (4/4)
 S - a tin of tremorstones (2/2)


   Skills:
 + Level 12.9 Fighting
 - Level 2.6(8.6) Axes
 - Level 6.3(10.3) Maces & Flails
 - Level 11.2(13.3) Polearms
 + Level 12.3(14.9) Staves
 - Level 1.7 Throwing
 + Level 12.3 Armour
 - Level 3.0 Dodging
 - Level 5.0 Evocations


You had 12 spell levels left.
You didn't know any spells.
Your spell library contained the following spells:

 Spells                   Type           Power      Damage    Failure   Level
 Blink                    Tloc           0%         N/A       96%         2
 Manifold Assault         Tloc           0%         N/A       100%        5
 Storm Form               Tmut/Air       0%         N/A       100%        7


Dungeon Overview and Level Annotations

Branches:
Dungeon (9/15)             Temple (0/1) D:4            Lair (5/5) D:8
 Spider (3/4) Lair:3        Slime (0/5) Lair:4        Sewer (visited)
Ossuary (visited)          Bailey (visited)         Gauntlet (visited)
  Swamp: Lair:2-3    Shoals: Lair:2-3       Orc: D:9-12

Altars:
Elyvilon
Fedhas
Kikubaaqudgha
Makhleb
Sif Muna
Trog
Uskayaw
Vehumet
Zin

Shops:
D:1 ?   D:4 !   D:8 (


Innate Abilities, Weirdness & Mutations

You are immune to sickness and miasma.
Your stone body is resilient. (AC +9)
You are immune to poison.
You resist negative energy. (rN+)
You are resistant to electric shocks. (rElec)
You are resistant to unholy torment.
You are immune to petrification.


Message History

* * * LOW HITPOINT WARNING * * *
You feel clumsy. Something hits you but does no damage.
Something stings you but does no damage.
You feel much better.
The culicivora bites you but does no damage.
The redback bites you.
* * * LOW HITPOINT WARNING * * *
Something hits you.
* * * LOW HITPOINT WARNING * * *
You feel weakened. Something hits you but does no damage.
Something stings you but does no damage.
The culicivora bites you but does no damage.
The redback bites you but does no damage.
The demonic crawler shrieks in warning!
You feel you are being watched by something.
You feel your power leaking away. Something hits you.
* * * LOW HITPOINT WARNING * * *
Something hits you but does no damage.
Something stings you but does no damage.
The culicivora closely misses you. The redback bites you.
* * * LOW HITPOINT WARNING * * *
You slash the redback! You freeze the redback.
The redback is severely wounded.
A redback comes into view.
The culicivora bites you but does no damage.
The redback closely misses you.
Something hits you but does no damage. x2
Something stings you but does no damage.
The demonic crawler shrieks in warning!
You barely miss the redback.
The redback is severely wounded.
The culicivora bites you but does no damage.
The redback bites you but does no damage.
You feel you are being watched by something.
Something hits you but does no damage. Something hits you!
* * * LOW HITPOINT WARNING * * *
Something stings you!
You die...

#...................
#............s?.#######
#^.........s####^....#
..#.....................
..#.....................
......................^.
.................#######
........s###.†.......^^##
#####......s.@##..(.........
####^..#####..sss.#^s..........
...........†......#............
.<..........#...[.#............
.†..........#.....#.........!..
....^......##.....#........?...
...........#^.....##...........
........).†##^.....#...........
.........†..########...........


You could see 2 demonic crawlers, a culicivora and 2 redbacks.

Vanquished Creatures
  A broodmother (Spider:3)
  A minotaur (Gauntlet)
  2 entropy weavers
  A boulder beetle (Spider:3)
  2 jorogumos
  A catoblepas (D:8)
  3 death yaks (Lair:5)
  A pharaoh ant (Spider:3)
  A fire crab (Gauntlet)
  A sun moth (Spider:3)
  An orb spider (Spider:1)
  9 wolf spiders
  A moth of wrath (Spider:1)
  An apocalypse crab (Gauntlet)
  2 black mambas
  A torpor snail (Spider:1)
  Maggie (D:7)
  3 cane toads
  A rime drake (Lair:3)
  5 komodo dragons
  5 demonic crawlers
  A queen bee (Gauntlet)
  3 meliai (Spider:1)
  7 tarantellas
  Prince Ribbit (D:5)
  18 blink frogs
  3 jumping spiders
  Sigmund (D:4)
  4 culicivoras
  2 wyverns
  Eustachio (D:5)
  16 yaks
  Grum (D:8)
  4 fire bats (Gauntlet)
  A golden eye (Gauntlet)
  2 basilisks (D:8)
  2 steam dragons
  11 redbacks
  Edmund (D:4)
  9 water moccasins
  A hell hound (Gauntlet)
  5 orc warriors
  3 sky beasts
  3 black bears
  3 ice beasts
  An ogre (D:5)
  3 wolves (D:8)
  2 centaurs
  4 phantoms (D:6)
  6 bullfrogs
  6 kobold brigands (Bailey)
  2 gnoll sergeants (D:7)
  3 scorpions
  4 wights
  10 killer bees
  A howler monkey (D:5)
  4 centaur zombies (Ossuary)
  3 jellies
  2 hounds
  An orc priest (D:4)
  5 iguanas
  5 orc wizards
  4 hell rats
  7 mummies
  23 gnolls
  9 adders
  3 river rats (Sewer)
  3 shadow imps
  An ufetubus (D:3)
  3 worms
  A dart slug (D:3)
  20 orcs
  7 endoplasms
  5 giant cockroaches
  13 goblins
  8 hobgoblins
  4 jackals
  2 quokkas (D:1)
  21 ball pythons
  7 bats
  5 frilled lizards
  5 hobgoblin zombies (Ossuary)
  15 kobolds
  32 rats
  A rat zombie (D:7)
408 creatures vanquished.

Vanquished Creatures (others)
  10 fungi
  20 plants
30 creatures vanquished.

Grand Total: 438 creatures vanquished

Notes
Turn   | Place    | Note
-------+----------+-------------------------------------------
     0 | D:1      | keekatzer the Gargoyle Gladiator began the quest for the
                  | Orb.
     0 | D:1      | Reached XP level 1. HP: 12/12 MP: 1/1
   528 | D:1      | Reached XP level 2. HP: 15/18 MP: 2/2
   632 | D:1      | Reached skill level 1 in Armour
   648 | D:1      | Found Quhuargh's Magic Scroll Boutique.
   826 | D:1      | Reached XP level 3. HP: 20/22 MP: 3/3
   827 | D:1      | Found a faded altar of an unknown god.
   836 | D:1      | Prayed at the altar of an unknown god.
   836 | D:1      | Became a worshipper of Trog the Wrathful
   836 | D:1      | Reached * piety under Trog
  1193 | D:2      | Identified the +1 short sword of Resourcefulness {venom,
                  | rC++ Dex-3}
  1371 | D:3      | Reached XP level 4. HP: 28/28 MP: 4/4
  1392 | D:3      | Found a hide-covered altar of Uskayaw.
  1439 | D:3      | Reached ** piety under Trog
  1561 | D:3      | Reached XP level 5. HP: 30/32 MP: 5/5
  1617 | D:3      | Noticed a black bear
  1626 | D:3      | Killed a black bear
  1627 | D:3      | Reached XP level 6. HP: 38/38 MP: 6/6
  1832 | D:4      | Noticed Edmund
  1861 | D:4      | Killed Edmund
  1862 | D:4      | Reached skill level 5 in Armour
  2123 | D:4      | Found a staircase to the Ecumenical Temple.
  2124 | D:4      | Noticed Sigmund
  2135 | D:4      | Killed Sigmund
  2136 | D:4      | Reached skill level 5 in Fighting
  2136 | D:4      | Reached skill level 1 in Maces & Flails
  2136 | D:4      | Reached XP level 7. HP: 44/44 MP: 7/7
  2214 | D:4      | Found a glowing silver altar of Zin.
  2239 | D:4      | Found a glowing drain.
  2249 | Sewer    | Entered a sewer
  2272 | Sewer    | Reached *** piety under Trog
  2566 | D:4      | Reached XP level 8. HP: 50/50 MP: 8/8
  2590 | D:4      | Found Hist's Distillery.
  2720 | D:4      | Reached **** piety under Trog
  2938 | D:4      | Bought a potion of heal wounds for 55 gold pieces
  2938 | D:4      | Bought a potion of haste for 110 gold pieces
  2938 | D:4      | Bought a potion of curing for 33 gold pieces
  2942 | D:5      | Entered Level 5 of the Dungeon
  3056 | D:5      | Noticed Prince Ribbit
  3092 | D:5      | Killed Prince Ribbit
  3093 | D:5      | Reached skill level 5 in Maces & Flails
  3346 | D:5      | Identified the +5 trident of the Muttering Priest {freeze,
                  | +Blink rC+}
  3368 | D:5      | Reached XP level 9. HP: 52/56 MP: 9/9
  3383 | D:5      | Noticed Eustachio
  3394 | D:5      | Killed Eustachio
  3395 | D:5      | Reached skill level 1 in Polearms
  3521 | D:5      | Found a shimmering blue altar of Sif Muna.
  3741 | D:6      | Found a burning altar of Makhleb.
  3961 | D:6      | Identified the +0 leather armour of Leapfrog {rC+ Int+4}
  4023 | D:7      | Noticed Maggie
  4029 | D:7      | Killed Maggie
  4044 | D:7      | Identified the +5 war axe of Certain Death {vorpal, rElec
                  | Will- SInv}
  4072 | D:7      | Reached skill level 5 in Polearms
  4137 | D:7      | Found a radiant altar of Vehumet.
  4137 | D:7      | Found a blossoming altar of Fedhas.
  4159 | D:7      | Reached XP level 10. HP: 54/63 MP: 10/10
  4189 | D:7      | Reached ***** piety under Trog
  4201 | D:7      | Found a flagged portal.
  4248 | D:7      | Found a sand-covered staircase.
  4259 | Ossuary  | Entered an ossuary
  4397 | Bailey   | Entered a bailey
  4559 | Bailey   | Reached skill level 1 in Evocations
  4600 | Bailey   | Found a bloodstained altar of Trog.
  4885 | D:7      | Found an ancient bone altar of Kikubaaqudgha.
  5174 | D:8      | Noticed Grum
  5178 | D:8      | Found Nemualod's Antique Weapon Emporium.
  5187 | D:8      | Killed Grum
  5266 | D:8      | Received a gift from Trog
  5338 | D:8      | Found a staircase to the Lair.
  5516 | D:8      | Found a white marble altar of Elyvilon.
  5572 | D:8      | Reached XP level 11. HP: 72/72 MP: 11/11
  5628 | D:8      | Identified the ring "Qoemebuts" {rN+ Str+2 Int+4 Dex-4
                  | Stlth+}
  5898 | Lair:1   | Entered Level 1 of the Lair of Beasts
  5922 | Lair:1   | Noticed a catoblepas
  5971 | D:8      | Killed a catoblepas
  5972 | D:8      | Reached skill level 10 in Fighting
  6167 | Lair:4   | Found a staircase to the Slime Pits.
  6400 | Lair:4   | Reached skill level 10 in Armour
  6576 | Lair:5   | Entered Level 5 of the Lair of Beasts
  6597 | Lair:5   | Noticed a death yak
  6597 | Lair:5   | Noticed a death yak
  6597 | Lair:5   | Noticed a death yak
  6621 | Lair:5   | Killed a death yak
  6630 | Lair:5   | Killed a death yak
  6631 | Lair:5   | Reached skill level 5 in Evocations
  6631 | Lair:5   | Reached XP level 12. HP: 49/79 MP: 12/12
  6635 | Lair:5   | Killed a death yak
  6682 | Lair:5   | Found a gate leading to a gauntlet.
  6723 | Lair:5   | Reached skill level 10 in Polearms
  6837 | Gauntlet | Entered a Gauntlet
  6837 | Gauntlet | Found a transporter.
  6845 | Gauntlet | Found a transporter.
  6848 | Gauntlet | Found a transporter.
  6849 | Gauntlet | Found a transporter.
  6860 | Gauntlet | Found a transporter.
  6861 | Gauntlet | Found a transporter.
  6862 | Gauntlet | Found a transporter.
  6870 | Gauntlet | Found a transporter.
  6872 | Gauntlet | Found a transporter.
  6873 | Gauntlet | Found a transporter.
  6879 | Gauntlet | Found a runed translucent gate.
  6879 | Gauntlet | Found a runed translucent gate.
  6879 | Gauntlet | Found a runed translucent gate.
  6881 | Gauntlet | Found a transporter.
  6884 | Gauntlet | Found a transporter.
  6885 | Gauntlet | Found a transporter.
  6891 | Gauntlet | Noticed an entropy weaver
  6901 | Gauntlet | Found a transporter.
  7171 | Gauntlet | Killed an entropy weaver
  7247 | Gauntlet | Identified the +10 lajatang of Somewhere Else {freeze, Fly
                  | Str+4}
  7247 | Gauntlet | Noticed a minotaur
  7262 | Gauntlet | Killed a minotaur
  7431 | Lair:4   | Reached skill level 1 in Staves
  7488 | Lair:3   | Found a hole to the Spider Nest.
  7544 | Spider:1 | Entered Level 1 of the Spider Nest
  7601 | Spider:1 | Reached XP level 13. HP: 75/85 MP: 13/13
  7613 | Spider:1 | Reached skill level 5 in Staves
  7859 | Spider:1 | You are sucked into a shaft and drop 1 floor!
  7923 | Spider:3 | Reached skill level 10 in Staves
  7953 | Spider:3 | Noticed a broodmother
  8105 | Spider:3 | Noticed an entropy weaver
  8125 | Spider:3 | Killed an entropy weaver
  8173 | Spider:3 | Found the +3 pair of mountain boots {steadfast, rC+}
  8190 | Spider:3 | Received a gift from Trog
  8204 | Spider:3 | Killed a broodmother
  8221 | Spider:3 | Slain by a ghost moth

Illustrated notes

Levels and vault maps discovered:
D:1:      dpeg_arrival_short_road, layout_basic, serial_shops, shop,
          shapermc_ecumenical_altar_pompeii, kennysheep_pointless_box
D:2:      layout_rooms, kennysheep_minor_cross
D:3:      minmay_razor_zed, layout_rooms, nicolae_uskayaw_dance_hall
D:4:      layout_layer_cave, zin_treasury, minmay_temple_entry_glass,
          portal_sewer_entry_b, serial_shops, nicolae_shop_hallway_stairs,
          grunt_ministairs_2, uniq_sigmund, uniq_edmund
D:5:      layout_basic, kennysheep_orc_sif_temple, minmay_misc_feat_tower,
          chequers_mini_garden, chequers_garden, uniq_prince_ribbit1,
          uniq_eustachio
D:6:      layout_rooms, lightli_temple_of_fire, minmay_between
D:7:      layout_loops_ring, lemuel_zombie_altar_kikubaaqudgha,
          gammafunk_temple_overflow_elements, enter_bailey_2,
          gup_ossuary_entry_pyramid, uniq_maggie
D:8:      layout_loops_ring, mainiacjoe_overflow_brackets, erik_lair_dragon,
          serial_shops, kennysheep_mini_moat, hangedman_decor_growths,
          serial_park_tiny_2, uniq_grum
D:9:      layout_grid_maze, yredelemnul_altar_generic, orc_0_dummy,
          serial_bayou_pond_e
Lair:1:   layout_cave_pods
Lair:2:   layout_cellular_growth, palyth_hydra_swamp_entry
Lair:3:   layout_chaotic_city, spider_nest_entry_rubble, lemuel_fruit_fields,
          grunt_megastairs_4
Lair:4:   layout_regular_city, slime_entry_1
Lair:5:   hellmonk_lair_end_abyssal_woods, layout_small_grid,
          gauntlet_entry_generic, serial_bayou_pond_a
Spider:1: layout_spider_delve, hangedman_spider_tarantella_strand
Spider:2: layout_spider_delve, einodemon_crawler_minivault
Spider:3: layout_spider_delve

Skill      XL: |  1  2  3  4  5  6  7  8  9 10 11 12 13 |
---------------+----------------------------------------+-----
Armour         | 1 2 3 4 5 6 7 8 9 10 11 12 | 12.3
Dodging        | 3 |  3.0
Fighting       | 3 4 5 6 7 9 10 11 12 | 12.9
Maces & Flails | 1 3 6 |  6.3
Polearms       | 5 7 9 11 | 11.2
Evocations     | 3 5 |  5.0
Staves         | 4 12 | 12.3
Axes           | |  2.6
Throwing       | |  1.7

Action                   |  1- 3 |  4- 6 |  7- 9 | 10-12 | 13-15 || total
-------------------------+-------+-------+-------+-------+-------++-------
Melee: War axe           |   104 |    79 |       |    27 |       ||   210
       Punch             |       |     2 |     5 |     3 |       ||    10
       Flail             |       |    23 |   302 |       |       ||   325
       Trident           |       |       |   129 |   591 |       ||   720
       Lajatang          |       |       |       |    34 |   179 ||   213
Invok: Berserk           |       |     4 |     2 |    12 |     4 ||    22
       Trog's Hand       |       |       |       |     1 |     1 ||     2
 Abil: Evoke Blink       |       |       |       |     6 |       ||     6
Evoke: Wand              |       |     2 |       |       |       ||     2
  Use: Potion            |       |       |       |       |     1 ||     1
 Stab: Petrified         |       |       |       |     1 |       ||     1
Armor: Leather armour    |    47 |       |       |       |       ||    47
       Plate armour      |    25 |    92 |       |       |       ||   117
       Scale mail        |       |    14 |   431 |    88 |       ||   533
       Chain mail        |       |       |       |   209 |   197 ||   406
Dodge: Dodged            |    91 |    47 |   350 |   261 |    99 ||   848
